 Dungeon Sprint DCSS version 0.21-a0-518-g43a1781 (webtiles) character file.

4180 Ghella the Bludgeoner (level 10, -7/104 HPs)
             Began as a Minotaur Fighter on Dec 4, 2017.
             Was a High Priest of Okawaru.
             Mangled by Erica
             ... wielding the +5 quarterstaff "Zuidefuv" {flame, +Fly}
              (16 damage)
             ... in the Dungeon (Sprint V: "Ziggurat Sprint").
             The game lasted 00:08:31 (1068 turns).

Ghella the Bludgeoner (Minotaur Fighter)            Turns: 1068, Time: 00:08:32

Health: -7/104     AC: 12    Str: 35    XL:     10   Next: 8%
Magic:  12/12      EV: 17    Int:  5    God:    Okawaru [*****.]
Gold:   0          SH:  0    Dex: 11    Spells: 13/13 levels left

rFire    . . .     SeeInvis .   (weapon currently unavailable)
rCold    . . .     Gourm    .   (shield currently unavailable)
rNeg     + + +     Faith    .   (armour currently unavailable)
rPois    +         Spirit   .   (helmet currently unavailable)
rElec    .         Reflect  .   (cloak currently unavailable)
rCorr    .         Harm     .   (gloves currently unavailable)
MR       .....     NoTele   +   (boots currently unavailable)
Stlth    +.........             J - amulet of the Ageless Ships {+Rage rPois}
HPRegen  0.27/turn              G - +6 ring of strength
MPRegen  0.13/turn              F - +6 ring of strength

@: fungus-form (expiring), hasted and slowed
A: tiny, (retaliatory headbutt)
a: Heroism, Finesse, Renounce Religion, Evoke Berserk Rage


You were in the Dungeon.
You worshipped Okawaru.
Okawaru was extremely pleased with you.
You were not hungry.
You were a sentient fungus.
You visited 1 branch

Inventory:

Hand Weapons
 b - the +10 dark maul {crush}
   (You found it in the Dungeon)

   It inflicts extra damage upon your enemies.
 c - the +3 mace of Variability (melded) {chaos}
   (You found it in the Dungeon)

   Each time it hits an enemy it has a different, random effect.
 C - the +10 morningstar "Eos" {elec, Halo rElec}
   (You found it in the Dungeon)

   Occasionally, upon striking a foe, it will discharge some electrical energy
   and cause terrible harm.
   It insulates you from electricity.
Armour
 B - the +0 pair of boots of the Ladybird (melded) {rN+++ MR- MP+9 Dex-4}
   (You found it in the Dungeon)

   It affects your dexterity (-4).
   It renders you almost immune to negative energy.
   It affects your resistance to hostile enchantments.
   It affects your magic capacity (+9).
 E - the +0 cloak of Disappointment (melded) {rN++}
   (You found it in the Dungeon)

   It greatly protects you from negative energy.
 H - the +15 Maxwell's patent armour (melded) {-Cast -Tele rElec MR+ rCorr}
   (You found it in the Dungeon)

   It insulates you from electricity.
   It affects your resistance to hostile enchantments.
   It prevents spellcasting.
   It prevents most forms of teleportation.
   It protects you from acid and corrosion.
 I - the +18 shield of the Gong {rElec rN+ MR+ EV-5}
   (You found it in the Dungeon)

   It affects your evasion (-5).
   It insulates you from electricity.
   It protects you from negative energy.
   It affects your resistance to hostile enchantments.
Jewellery
 D - a +6 ring of intelligence
 F - a +6 ring of strength (right hypha)
 G - a +6 ring of strength (left hypha)
 J - the amulet of the Ageless Ships (around neck) {+Rage rPois}
   (You found it in the Dungeon)

   [amulet of rage]

   It protects you from poison.
   It lets you go berserk.
 K - the cursed ring of Luomn {Str+2 Dex-4 Stlth+}
   (You found it in the Dungeon)

   [ring of dexterity]

   It affects your strength (+2).
   It affects your dexterity (-4).
   It makes you more stealthy.
   It has a curse placed upon it.
Wands
 o - a wand of digging (17)
 y - a wand of disintegration (7)
 z - a wand of iceblast (5)
 A - a wand of acid (7)
Scrolls
 a - a scroll of brand weapon
 k - 4 scrolls of blinking
 q - 4 scrolls of amnesia
 r - 7 scrolls of fog
 s - a scroll of holy word
 t - 5 scrolls of identify
 u - 5 scrolls of remove curse
 v - 2 scrolls of fear
Potions
 d - 6 potions of might
 e - 6 potions of curing
 g - 9 potions of heal wounds
 h - 6 potions of haste
 i - 7 potions of magic
 j - 3 potions of berserk rage
 l - 2 potions of brilliance
 m - 2 potions of invisibility
 n - 4 potions of resistance
 p - 5 potions of agility
Comestibles
 f - 5 bread rations
 w - 40 fruits
 x - 4 meat rations


   Skills:
 + Level 14.6 Fighting
 + Level 16.9 Maces & Flails
 + Level 14.4 Armour
 - Level 7.4 Shields
 - Level 2.0 Spellcasting


You had 13 spell levels left.
You didn't know any spells.

Dungeon Overview and Level Annotations

Branches:
Dungeon (1/1)

Altars:
Ashenzari
Cheibriados
Dithmenos
Elyvilon
Fedhas
Gozag
Hepliaklqana
Kikubaaqudgha
Makhleb
Nemelex Xobeh
Okawaru
Qazlal
Ru
Sif Muna
Trog
Uskayaw
Vehumet
Wu Jian
Xom
Yredelemnul
Zin
The Shining One
Beogh
Jiyva
Lugonu

Annotations:
D 1 transporter, Crazy Yiuf, Dowan, Erica, Eustachio, Gastronok, Sigmund


Innate Abilities, Weirdness & Mutations

((You reflexively headbutt those who attack you in melee.))
((You have a pair of horns on your head.))


Message History

Crazy Yiuf hits you with a quarterstaff of chaos.
Crazy Yiuf burns you.
You release spores at Gastronok!
Gastronok appears confused.
Gastronok is lightly wounded.
Dowan hits you but does no damage.
The quokka bites you but does no damage.
Dowan says, "Her death will not be in vain!"
Dowan casts a spell.
Dowan blinks!
You release spores at Gastronok!
Gastronok is moderately wounded.
Crazy Yiuf closely misses you. Something hits you! Something burns you.
The quokka completely misses you. Eustachio hits you but does no damage.
Gastronok bites you!!
* * * LOW HITPOINT WARNING * * *
You release spores at Gastronok.
Gastronok appears confused.
Gastronok is moderately wounded.
Your transformation is almost over.
Something hits you!
You die...

▓▓▓▓▓▓▓▓▓▓▓▓▓▓▓▓▓▓▓
▓...8©8...▓
▓..[}[=)..▓
▓...[[)}..▓
▓.....e...▓
▓.........▓
▓.........▓
▓...§r{...▓
▓...gfw...▓
▓....©@...▓
▓▓▓▓▓▓▓▓▓▓▓


You could see Gastronok (confused), Eustachio, Dowan, Crazy Yiuf and a quokka.

Vanquished Creatures
  Erolcha (D)
  4 draconians (D)
  An air elemental (D)
  Grum (D)
  A golden eye (D)
  Edmund (D)
  2 insubstantial wisps (D)
  Duvessa (D)
  7 hell hounds (D)
  An orc warrior (D)
  An eye of draining (D)
  Blork the orc (D)
  A crimson imp (D)
  3 orc priests (D)
  2 iron imps (D)
  An orc wizard (D)
  Jessica (D)
  4 white imps (D)
  An ufetubus (D)
  4 adder zombies (D)
  4 adder skeletons (D)
  An orc (D)
  A bat zombie (D)
  A ball python zombie (D)
46 creatures vanquished.

Vanquished Creatures (others)
  A spatial maelstrom (D)
  2 insubstantial wisps (D)
3 creatures vanquished.

Grand Total: 49 creatures vanquished

Notes
Turn   | Place    | Note
-------+----------+-------------------------------------------
     0 | D        | Found the +6 Majin-Bo {vamp, Archmagi MP+6 Int+6}
     0 | D        | Found the +7 great mace "Firestarter" {inner flame, rF++}
     0 | D        | Ghella the Minotaur Fighter began the quest for the Orb.
     0 | D        | Reached XP level 1. HP: 19/19 MP: 0/0
     0 | D        | Found a deep blue altar of Sif Muna.
     0 | D        | Found a bloodstained altar of Trog.
     0 | D        | Found a sacrificial altar of Ru.
     0 | D        | Found a stormy altar of Qazlal.
     0 | D        | Found an iron altar of Okawaru.
     1 | D        | Found a sparkling altar of Nemelex Xobeh.
     1 | D        | Found a blossoming altar of Fedhas.
     1 | D        | Banished a spatial maelstrom
     3 | D        | Found a transporter.
     3 | D        | Found an ancient bone altar of Kikubaaqudgha.
     3 | D        | Found a viscous altar of Jiyva.
     3 | D        | Found a corrupted altar of Lugonu.
     3 | D        | Found a hazy altar of Hepliaklqana.
     3 | D        | Found a burning altar of Makhleb.
     3 | D        | Found an opulent altar of Gozag.
    51 | D        | Found the +9 heavy crossbow "Sniper" {velocity, Acc+∞ SInv}
    51 | D        | Found the +10 dark maul {crush}
    51 | D        | Found the +15 Maxwell's patent armour {-Cast -Tele rElec MR+ rCorr}
    51 | D        | Found the +18 shield of the Gong {rElec rN+ MR+ EV-5}
    51 | D        | Found the cursed +14 obsidian axe {chop, +Fly SInv *Curse}
    76 | D        | Found the +6 shillelagh "Devastator" {shatter}
    76 | D        | Found the +11 plutonium sword {*Contam Stlth-}
    76 | D        | Found the +8 lance "Wyrmbane" {slay drac, rPois rF+ rC+ AC+3}
    76 | D        | Found the +9 sword of Zonguldrok {reap}
    76 | D        | Found the cursed +13 scythe of Curses {drain, *Curse}
    76 | D        | Found the +0 sword of Power
    76 | D        | Found the +11 mace of Variability {chaos}
    76 | D        | Found the +7 Singing Sword
    76 | D        | Found the +7 longbow "Piercer" {penet, EV-2}
   136 | D        | Reached skill level 4 in Maces & Flails
   136 | D        | Reached skill level 5 in Armour
   136 | D        | Reached XP level 2. HP: 31/31 MP: 0/4
   224 | D        | Became a worshipper of Warmaster Okawaru
   238 | D        | Entered arena 2.
   238 | D        | Noticed a golden eye
   238 | D        | Noticed an eye of draining
   238 | D        | Found a transporter.
   265 | D        | Killed a golden eye
   265 | D        | Reached * piety under Okawaru
   265 | D        | Reached skill level 5 in Maces & Flails
   265 | D        | Reached XP level 3. HP: 41/41 MP: 0/5
   265 | D        | Reached XP level 4. HP: 49/49 MP: 0/6
   265 | D        | Reached XP level 5. HP: 56/56 MP: 0/7
   270 | D        | Killed an eye of draining
   270 | D        | Reached skill level 6 in Maces & Flails
   338 | D        | Entered arena 3.
   338 | D        | Noticed Sigmund
   338 | D        | Noticed Jessica
   338 | D        | Noticed Blork the orc
   338 | D        | Found a transporter.
   343 | D        | Killed Jessica
   344 | D        | Killed Blork the orc
   344 | D        | Reached skill level 10 in Fighting
   344 | D        | Reached skill level 7 in Maces & Flails
   344 | D        | Reached XP level 6. HP: 66/66 MP: 8/8
   416 | D        | Entered arena 4.
   416 | D        | Noticed a draconian
   416 | D        | Noticed a draconian
   416 | D        | Noticed a draconian
   416 | D        | Noticed a draconian
   416 | D        | Found a transporter.
   427 | D        | Killed a draconian
   427 | D        | Reached ** piety under Okawaru
   427 | D        | Reached skill level 10 in Maces & Flails
   427 | D        | Reached XP level 7. HP: 43/75 MP: 9/9
   434 | D        | Killed a draconian
   434 | D        | Reached *** piety under Okawaru
   434 | D        | Reached skill level 11 in Maces & Flails
   434 | D        | Reached XP level 8. HP: 42/83 MP: 7/10
   438 | D        | Killed a draconian
   438 | D        | Reached skill level 12 in Maces & Flails
   444 | D        | Killed a draconian
   444 | D        | Reached **** piety under Okawaru
   444 | D        | Reached skill level 13 in Maces & Flails
   452 | D        | Got the +0 pair of boots of the Ladybird {rN+++ MR- MP+9 Dex-4}
   676 | D        | Entered arena 5.
   676 | D        | Found a transporter.
   701 | D        | Entered arena 6.
   701 | D        | Noticed an air elemental
   701 | D        | Found a transporter.
   702 | D        | Found the +10 morningstar "Eos" {elec, Halo rElec}
   711 | D        | Killed an air elemental
   711 | D        | Reached XP level 9. HP: 53/93 MP: 11/11
   725 | D        | Got the +0 cloak of Disappointment {rN++}
   871 | D        | Entered arena 7.
   872 | D        | Found a transporter.
   888 | D        | Got the amulet of the Ageless Ships {+Rage rPois}
   891 | D        | Got the cursed ring of Luomn {Str+2 Dex-4 Stlth+}
   896 | D        | Entered arena 8.
   900 | D        | Found a transporter.
   904 | D        | Reached skill level 14 in Maces & Flails
   976 | D        | Entered arena 9.
   983 | D        | Reached ***** piety under Okawaru
   990 | D        | Found a transporter.
  1008 | D        | Entered arena 10.
  1011 | D        | Reached skill level 15 in Maces & Flails
  1021 | D        | Found a transporter.
  1052 | D        | Entered arena 11.
  1052 | D        | Noticed Crazy Yiuf
  1052 | D        | Noticed Dowan
  1052 | D        | Noticed Duvessa
  1052 | D        | Noticed Edmund
  1052 | D        | Noticed Erica
  1052 | D        | Noticed Erolcha
  1052 | D        | Noticed Eustachio
  1052 | D        | Noticed Gastronok
  1052 | D        | Noticed Grum
  1053 | D        | Found the +10 large shield of Ignorance {rN+ Int-4}
  1055 | D        | Found a transporter.
  1059 | D        | Killed Erolcha
  1059 | D        | Received a gift from Okawaru
  1059 | D        | Reached skill level 16 in Maces & Flails
  1062 | D        | Killed Duvessa
  1062 | D        | Reached XP level 10. HP: 80/104 MP: 12/12
  1064 | D        | Killed Edmund
  1065 | D        | Killed Grum
  1068 | D        | Identified the +5 quarterstaff "Zuidefuv" {flame, +Fly}
  1068 | D        | Mangled by Erica

Vault maps used:
D:        sprint_v

Skill      XL: |  1  2  3  4  5  6  7  8  9 |
---------------+----------------------------+-----
Fighting       | 6 8 10 11 12 13 14 | 14.6
Maces & Flails | 4 5 7 10 11 13 16 | 16.9
Armour         | 5 7 9 11 13 14 | 14.4
Spellcasting   | 2 |  2.0
Shields        | 6 7 |  7.4

Action                   |  1- 3 |  4- 6 |  7- 9 | 10-12 || total
-------------------------+-------+-------+-------+-------++-------
Melee: Great mace        |    11 |    16 |    88 |       ||   115
       Headbutt          |     1 |     7 |    20 |       ||    28
       Unarmed           |       |       |     1 |     6 ||     7
Invok: Heroism           |       |       |     1 |       ||     1
Evoke: Wand              |       |       |     2 |       ||     2
  Use: Potion            |     5 |     1 |       |       ||     6
  Eat: Fruit             |       |       |     2 |       ||     2
Armor: Plate armour      |       |    29 |   130 |       ||   159
       Skin              |       |       |       |     5 ||     5
Dodge: Dodged            |       |     9 |    52 |     7 ||    68

Table legend:
 A = Spawn XP
 B = Non-spawn XP
 C = Spawn XP percentage of total XP
 D = Spawn monster count
 E = Non-spawn monster count
 F = Spawn count percentage of total count
 G = Total turns spent on level
                    A         B        C        D         E        F      G
               +---------+---------+-------+---------+---------+-------+---------
         Total |       0 |    5960 |   0.0 |       0 |      46 |   0.0 |  1068
               +---------+---------+-------+---------+---------+-------+---------
             D |       0 |    5960 |   0.0 |       0 |      46 |   0.0 |  1068
               +---------+---------+-------+---------+---------+-------+---------
